 Dungeon Crawl Stone Soup version 0.16-a0-3420-gb95a3aa (webtiles) character file.

61 Chiseanne the Skirmisher (level 3, -1/46 HPs)
             Began as a Demonspawn Wanderer on Dec 31, 2014.
             Slain by Crazy Yiuf
             ... wielding a +3 quarterstaff of chaos
              (3 damage)
             ... on level 2 of the Dungeon.
             The game lasted 00:06:28 (2675 turns).

Chiseanne the Skirmisher (Demonspawn Wanderer)      Turns: 2675, Time: 00:06:28

Health: -1/46      AC:  5    Str: 18    XL:     3   Next: 83%
Magic:  6/6        EV: 10    Int: 12    God:
Gold:   74         SH:  0    Dex: 13    Spells: 2 memorised, 3 levels left

rFire  . . .     SeeInvis .     c - +0 spear
rCold  . . .     Clarity  .     m - +0 ring mail
rNeg   . . .     SustAb   .     (no shield)
rPois  .         Gourm    .     (helmet restricted)
rElec  .         Spirit   .     (no cloak)
rCorr  .         Warding  .     (no gloves)
rMut   .         Stasis   .     (no boots)
MR     .....                    (no amulet)
Stlth  ..........               (no ring)
                                l - ring of wizardry

@: berserking, lethally poisoned, very slightly contaminated, hasted and slowed,
drained, invisible, not resistant to hostile enchantments, extremely unstealthy
A: antennae 2
a: no special abilities


You were on level 2 of the Dungeon.
You were not hungry.

You visited 1 branch of the dungeon, and saw 2 of its levels.

You collected 74 gold pieces.

Inventory:

Hand weapons
 c - a +0 spear (weapon)
 f - a +0 dagger
Missiles
 n - 19 poisoned needles
 p - 22 arrows
 q - 6 needles of confusion
Armour
 i - a cursed +0 robe
 m - a +0 ring mail (worn)
Jewellery
 l - a ring of wizardry (left hand)
Scrolls
 b - a scroll of fear
Potions
 j - a potion of mutation
 o - a potion of cure mutation
 s - a potion of restore abilities {unknown}
 t - a potion of cancellation
Books
 d - Crouken's Collected Works on Enhancements

   Spells                             Type                      Level
   a - Infusion                       Charms                       1
   b - Shroud of Golubria             Charms/Translocation         2
Comestibles
 g - 2 bread rations
 h - a slice of pizza
 k - a beef jerky
 r - a meat ration


   Skills:
 * Level 4.5(4.2) Fighting
 * Level 1.3(1.0) Armour
 * Level 1.0(0.7) Dodging
 - Level 1.7(1.4) Stealth
 - Level 1.0(0.7) Unarmed Combat
 * Level 2.4(2.1) Spellcasting
 * Level 1.2(0.9) Charms


You had 3 spell levels left.
You knew the following spells:

 Your Spells              Type           Power        Failure   Level  Hunger
a - Infusion              Chrm           #.....       9%          1    ##.....
b - Shroud of Golubria    Chrm/Tloc      #.........   14%         2    ###....


Dungeon Overview and Level Annotations

Branches:
Dungeon (2/15)

Altars:
Elyvilon

Annotations:
D:2 Crazy Yiuf


Innate Abilities, Weirdness & Mutations

You have a pair of antennae on your head.


Message History

You hit Crazy Yiuf.
Crazy Yiuf is moderately wounded.
Crazy Yiuf hits you with a quarterstaff of chaos!
* * * LOW HITPOINT WARNING * * *
You are lethally poisoned!
Drink which item? (? for menu, Esc to quit)
A red film seems to cover your vision as you go berserk!
You feel yourself moving faster!
You feel mighty!
* * * LOW HITPOINT WARNING * * *
You feel sick.
Crazy Yiuf zaps a wand.
You feel as though you will be slow longer.
You puncture Crazy Yiuf!
Crazy Yiuf is almost dead.
* * * LOW HITPOINT WARNING * * *
You feel sick.
Crazy Yiuf laughs, "Snurf!"
Crazy Yiuf hits you with a quarterstaff of chaos!
* * * LOW HITPOINT WARNING * * *
You feel drained.
You die...

#####
#)..#
#...# ...
#g# ♣@♣♣
♣♣.♣ ♣.♣♣
.## ♣♣.♣
...#
♣♣.♣♣
#..#
♣♣...♣
#.#
♣...P♣
######..
##..##
........
#....#
.........


You could see Crazy Yiuf.

Vanquished Creatures
  An adder (D:2)
  A worm (D:2)
  2 oozes (D:1)
  4 bats
  4 goblins
  6 hobgoblins
  9 jackals
  3 kobolds (D:1)
  A ball python (D:1)
  5 giant newts
  7 rats
  A fungus (D:2)
44 creatures vanquished.

Notes
Turn   | Place    | Note
--------------------------------------------------------------
     0 | D:1      | Chiseanne, the Demonspawn Wanderer, began the quest for the Orb.
     0 | D:1      | Chiseanne set off with: a potion of berserk rage, a scroll of fear, a +0 spear, Crouken's Collected Works on Enhancements, a +0 robe, a +0 dagger, a bread ration
     0 | D:1      | Reached XP level 1. HP: 19/19 MP: 3/3
     0 | D:1      | Identified Crouken's Collected Works on Enhancements
     3 | D:1      | Learned a level 1 spell: Infusion
   794 | D:1      | Gained mutation: You have a pair of small antennae on your head. [demonic ancestry]
   794 | D:1      | Reached XP level 2. HP: 25/25 MP: 4/4
   798 | D:1      | Learned a level 2 spell: Shroud of Golubria
  1705 | D:1      | Gained mutation: You have a pair of antennae on your head. [demonic ancestry]
  1705 | D:1      | Reached XP level 3. HP: 31/31 MP: 6/6
  2053 | D:2      | Reached skill level 1 in Armour
  2429 | D:2      | Reached skill level 1 in Dodging
  2569 | D:2      | Found a white marble altar of Elyvilon.
  2666 | D:2      | Noticed Crazy Yiuf
  2675 | D:2      | HP: 2/46 [Crazy Yiuf/quarterstaff of chaos (7)]
  2675 | D:2      | Slain by Crazy Yiuf

Action                   || total
-------------------------++-------
Melee: Spear             ||   198
 Cast: Infusion          ||     8
  Use: Scroll            ||     9
       Potion            ||     3
 Stab: Sleeping          ||     1
  Eat: Chunk             ||     6
